 Dungeon Crawl Stone Soup version 0.22.0-38-g04b72b8 (webtiles) character file.

16289 poirepourri the Severer (level 12, -10/116 HPs)
             Began as a Deep Dwarf Fighter on Aug 28, 2018.
             Was a High Priest of Makhleb.
             Mangled by an eight-headed hydra (11 damage)
             ... on level 3 of the Lair of Beasts.
             The game lasted 00:10:22 (8547 turns).

poirepourri the Severer (Deep Dwarf Fighter)        Turns: 8547, Time: 00:10:23

Health: -10/116    AC: 11    Str: 20    XL:     12   Next: 8%
Magic:  7/7        EV: 12    Int: 10    God:    Makhleb [*****.]
Gold:   753        SH: 13    Dex: 19    Spells: 11/11 levels left

rFire    . . .     SeeInvis .   a - +0 war axe
rCold    . . .     Gourm    .   c - +1 shield
rNeg     . . .     Faith    .   b - +0 scale mail
rPois    .         Spirit   .   (no helmet)
rElec    .         Reflect  .   D - +2 cloak
rCorr    .         Harm     .   C - +0 pair of gloves
MR       +....                  (no boots)
Stlth    ..........             (no amulet)
HPRegen  0.00/turn              u - +3 ring of dexterity
MPRegen  0.10/turn              e - +4 ring of evasion

@: lethally poisoned (-10 -> -10), about to teleport, non-regenerating
A: damage resistance, heal wounds, sense surroundings 2, no regeneration
a: Heal Wounds, Minor Destruction, Lesser Servant of Makhleb, Major Destruction,
Greater Servant of Makhleb, Renounce Religion


You were on level 3 of the Lair of Beasts.
You worshipped Makhleb.
Makhleb was extremely pleased with you.
You were completely stuffed.

You visited 2 branches of the dungeon, and saw 12 of its levels.
You also visited: Sewer.

You collected 753 gold pieces.

Inventory:

Hand Weapons
 a - a +0 war axe (weapon)
 o - a +0 flail of holy wrath
 q - a +0 broad axe
 z - a +4 flail of holy wrath
Missiles
 i - 2 throwing nets
 k - 49 bolts
 p - 2 steel tomahawks (quivered)
Armour
 b - a +0 scale mail (worn)
 c - a +1 shield (worn)
 C - a +0 pair of gloves (worn)
 D - a +2 cloak (worn)
 K - a +0 pair of gloves of strength
Jewellery
 e - a +4 ring of evasion (right hand)
 u - a +3 ring of dexterity (left hand)
 y - a +2 amulet of reflection {unknown}
Wands
 g - a wand of flame (74)
 B - a wand of paralysis (5)
 H - a wand of enslavement (11)
 I - a wand of random effects (15)
Scrolls
 j - a scroll of fog
 t - 3 scrolls of remove curse
 v - 2 scrolls of amnesia
 x - a scroll of teleportation
 J - a scroll of identify
Potions
 d - a potion of magic
 h - a potion of resistance
 l - 3 potions of haste
 n - a potion of flight
 r - 2 potions of mutation {unknown}
 s - a potion of agility
 w - a potion of invisibility {unknown}
 A - 2 potions of curing
 E - 2 potions of brilliance {unknown}
 F - 2 potions of ambrosia {unknown}
 G - 3 potions of degeneration {unknown}
Comestibles
 f - 15 rations


   Skills:
 - Level 10.0 Fighting
 - Level 16.0 Axes
 - Level 3.2 Armour
 + Level 8.2 Shields


You had 11 spell levels left.
You didn't know any spells.
Your spell library contained the following spells:

 Spells                   Type           Power        Failure   Level  Hunger
 Beastly Appendage        Tmut           #.....       95%         1    ##.....
 Shock                    Conj/Air       #...         95%         1    ##.....
 Sticks to Snakes         Tmut           #.......     98%         2    ###....
 Swiftness                Chrm/Air       #.......     98%         2    ###....
 Spider Form              Tmut/Pois      #.........   100%        3    ####...
 Static Discharge         Conj/Air       #.......     100%        3    ####...
 Airstrike                Air            #.........   100%        4    #####..
 Ice Form                 Ice/Tmut       #.......     100%        4    #####..
 Blade Hands              Tmut           #.........   100%        5    ######.
 Lightning Bolt           Conj/Air       #.........   100%        5    ######.


Dungeon Overview and Level Annotations

Branches:
Dungeon (9/15)             Temple (0/1) D:6            Lair (3/6) D:8
  Swamp: Lair:2-4    Shoals: Lair:2-4     Snake: Lair:2-4    Spider: Lair:2-4
    Orc: D:9-12

Altars:
Cheibriados
Dithmenos
Gozag
Makhleb
Okawaru
Qazlal
Ru
Sif Muna
Uskayaw
Xom
Yredelemnul
Zin
The Shining One

Shops:
D:8 [   D:9 }


Innate Abilities, Weirdness & Mutations

You are resistant to damage.
You can heal yourself by infusing magical energy.
You passively map the area around you.
You do not regenerate.


Message History

* * * LOW HITPOINT WARNING * * *
You barely miss the wolf.
The wolf is almost dead.
You closely miss the water moccasin. You hit the wolf but do no damage.
You slash the water moccasin!
You kill the water moccasin!
Makhleb accepts your kill.
You feel better.
You barely miss the eight-headed hydra. The wolf bites you but does no damage.
The wolf bites you. The wolf barely misses you.
Unknown command.
Unknown command.
As you read the scroll of teleportation, it crumbles to dust.
You feel strangely unstable. The wolf bites you!
* * * LOW HITPOINT WARNING * * *
The wolf bites you.
* * * LOW HITPOINT WARNING * * *
The water moccasin closely misses you. You block the wolf's attack.
The eight-headed hydra bites you!
You die...

* , * , , , * P..#.
, ......../,, ,
.....# ##........ ,
, ......*#.....<...
*
*,......##...#.....
* ................ ,
, ,
,,.............#...,
, ,
#!......hhD...... *
*.......hS@♣ , , * ,
.......l♣h♣ ,,,, ,,
, , ......♣♣hhh. , ,
, , ,, , ......
..hh... , , ,
.....,......%... , ,
, ,P....♣.......8..,
,, .... ♣....8%....
, , ....,...........
, , ,, , , , , ,


You could see an eight-headed hydra, a komodo dragon, a water moccasin and 9
wolves.

Vanquished Creatures
  Harold (D:7)
  A hydra (Lair:2)
  A faun (Lair:3)
  3 black mambas
  3 spiny frogs
  5 komodo dragons
  A hippogriff (Lair:1)
  10 blink frogs
  9 yaks
  A wyvern (D:8)
  Eustachio (D:6)
  A steam dragon (Lair:3)
  4 hungry ghosts
  4 basilisks
  Edmund (D:6)
  3 water moccasins
  7 porcupines
  3 ice beasts
  A black bear (D:8)
  2 orc warriors
  23 wolves
  2 centaurs (D:8)
  6 ogres
  5 crocodiles
  10 bullfrogs
  3 big kobolds
  A water moccasin skeleton (D:7)
  5 scorpions
  A quasit (D:6)
  A centaur zombie (D:5)
  A crimson imp (D:3)
  3 jellies
  7 orc wizards
  A hound (D:5)
  2 iguanas
  Natasha (thrice) (D:2)
  5 worker ants
  A hound skeleton (D:5)
  Robin (D:3)
  4 gnolls (D:7)
  8 adders
  A shadow imp (D:8)
  An adder zombie (D:7)
  3 adder skeletons
  A worm (D:4)
  15 leopard geckos
  26 orcs
  9 giant cockroaches
  13 goblins
  10 hobgoblins
  6 jackals
  3 quokkas
  3 ball pythons (Sewer)
  7 bats
  7 frilled lizards
  24 kobolds
  A quokka zombie (D:6)
  5 rats
290 creatures vanquished.

Vanquished Creatures (collateral kills)
  2 orcs (D:8)
2 creatures vanquished.

Vanquished Creatures (others)
  2 wolves (Lair:3)
  A fungus (D:8)
  3 plants
6 creatures vanquished.

Grand Total: 298 creatures vanquished

Notes
Turn   | Place    | Note
-------+----------+-------------------------------------------
     0 | D:1      | poirepourri the Deep Dwarf Fighter began the quest for the Orb.
     0 | D:1      | Reached XP level 1. HP: 20/20 MP: 1/1
   163 | D:1      | Reached skill level 3 in Axes
   163 | D:1      | Reached XP level 2. HP: 25/27 MP: 2/2
   478 | D:2      | Reached skill level 4 in Axes
   478 | D:2      | Reached XP level 3. HP: 16/33 MP: 3/3
   620 | D:2      | Found a glowing golden altar of the Shining One.
   651 | D:2      | Noticed Natasha
   657 | D:2      | Reached XP level 4. HP: 25/40 MP: 4/4
   663 | D:2      | Killed Natasha
   663 | D:2      | Reached skill level 5 in Axes
   667 | D:2      | Noticed Natasha
   672 | D:2      | Killed Natasha
   832 | D:2      | Noticed Natasha
   843 | D:2      | Killed Natasha
   843 | D:2      | Reached XP level 5. HP: 34/46 MP: 5/5
   904 | D:2      | Found a shimmering altar of Xom.
   906 | D:2      | Found a shimmering altar of Xom.
   906 | D:2      | Found a basalt altar of Yredelemnul.
   908 | D:2      | Found a shimmering altar of Xom.
   908 | D:2      | Found a stormy altar of Qazlal.
   908 | D:2      | Found an opulent altar of Gozag.
   935 | D:3      | Noticed Robin
   940 | D:2      | Reached skill level 6 in Axes
  1066 | D:3      | Found an iron altar of Okawaru.
  1120 | D:3      | Found a faded altar of an unknown god.
  1230 | D:3      | Killed Robin
  1230 | D:3      | Reached skill level 7 in Axes
  1230 | D:3      | Reached XP level 6. HP: 42/55 MP: 6/6
  1279 | D:3      | Found a burning altar of Makhleb.
  1285 | D:3      | Became a worshipper of Makhleb the Destroyer
  1340 | D:3      | Found a glowing drain.
  1403 | Sewer    | Entered a sewer
  1580 | Sewer    | Reached * piety under Makhleb
  2113 | D:4      | Reached skill level 8 in Axes
  2262 | D:4      | Reached XP level 7. HP: 33/61 MP: 7/7
  2679 | D:5      | Entered Level 5 of the Dungeon
  2711 | D:5      | Reached skill level 9 in Axes
  3294 | D:5      | Reached skill level 10 in Axes
  3370 | D:5      | Found a deep blue altar of Sif Muna.
  3429 | D:6      | Reached XP level 8. HP: 66/68 MP: 8/8
  3446 | D:6      | Noticed Edmund
  3467 | D:6      | Killed Edmund
  3491 | D:6      | Found a staircase to the Ecumenical Temple.
  3537 | D:6      | Found a hide-covered altar of Uskayaw.
  3547 | D:6      | Found a snail-covered altar of Cheibriados.
  3620 | D:6      | Reached ** piety under Makhleb
  3690 | D:6      | Reached skill level 11 in Axes
  3758 | D:6      | Noticed Eustachio
  3787 | D:6      | Killed Eustachio
  3963 | D:6      | Reached skill level 12 in Axes
  4444 | D:7      | Gained mutation: You passively map the area around you. [Deep Dwarf growth]
  4444 | D:7      | Reached XP level 9. HP: 71/74 MP: 8/8
  4476 | D:7      | Found a shadowy altar of Dithmenos.
  4482 | D:7      | Noticed Harold
  4502 | D:7      | Killed Harold
  4502 | D:7      | Reached skill level 13 in Axes
  4506 | D:7      | Reached skill level 14 in Axes
  5115 | D:8      | Reached *** piety under Makhleb
  5157 | D:8      | Found Okhozox's Armour Shop.
  5211 | D:8      | Reached skill level 15 in Axes
  5211 | D:8      | Reached XP level 10. HP: 42/81 MP: 9/9
  5270 | D:8      | Found a glowing silver altar of Zin.
  5291 | D:8      | Found a staircase to the Lair.
  5640 | D:8      | Reached skill level 16 in Axes
  5668 | D:8      | Found a sacrificial altar of Ru.
  5798 | D:8      | Found a stormy altar of Qazlal.
  6211 | D:9      | Found a shimmering altar of Xom.
  6333 | D:9      | Reached **** piety under Makhleb
  6474 | D:9      | Found Ixeuj's Gadget Boutique.
  6533 | Lair:1   | Entered Level 1 of the Lair of Beasts
  6543 | Lair:1   | Reached skill level 5 in Fighting
  6590 | Lair:1   | Noticed a black mamba
  6605 | Lair:1   | Killed a black mamba
  6665 | Lair:1   | Reached XP level 11. HP: 99/99 MP: 10/10
  7487 | Lair:2   | Reached skill level 10 in Fighting
  7500 | Lair:2   | Reached ***** piety under Makhleb
  7536 | Lair:2   | Reached skill level 5 in Shields
  7824 | Lair:2   | Noticed a four-headed hydra
  7947 | Lair:2   | Identified a scroll of acquirement
  7962 | Lair:2   | Killed a four-headed hydra
  8526 | Lair:3   | Reached XP level 12. HP: 42/116 MP: 8/8
  8533 | Lair:3   | Noticed a five-headed hydra
  8547 | Lair:3   | HP: 1/116 [wolf (5)]
  8547 | Lair:3   | Mangled by an eight-headed hydra

Skill      XL: |  1  2  3  4  5  6  7  8  9 10 11 12 |
---------------+-------------------------------------+-----
Axes           | 3 4 5 7 8 10 12 15 16 | 16.0
Fighting       | 6 10 | 10.0
Shields        | 7 8 |  8.2
Armour         | |  3.2

Action                   |  1- 3 |  4- 6 |  7- 9 | 10-12 || total
-------------------------+-------+-------+-------+-------++-------
Melee: War axe           |   109 |   236 |   390 |   489 ||  1224
Throw: Tomahawk          |       |       |       |     1 ||     1
 Abil: Heal Wounds       |       |     3 |     6 |    23 ||    32
Evoke: Wand              |       |       |     2 |    23 ||    25
  Use: Scroll            |     3 |     6 |    11 |     4 ||    24
       Potion            |     1 |     1 |     2 |     3 ||     7
 Stab: Paralysed         |       |       |     7 |       ||     7
  Eat: Ration            |       |     3 |     3 |     9 ||    15
Armor: Scale mail        |    68 |    78 |    90 |   171 ||   407
Dodge: Dodged            |    40 |   107 |   136 |   255 ||   538
Block: Shield            |    80 |   127 |   201 |   302 ||   710
